 Dungeon Crawl Stone Soup version 0.23.0-3-gf3c87f2df8 (webtiles) character file.

Game seed: 7272640786332175009

1687 Revguard the Shield-Bearer (level 9, 0/68 HPs)
             Began as a Formicid Fighter on Feb 21, 2019.
             Was a Follower of Ashenzari.
             Killed by vampiric draining
             ... invoked by a vampire
              (13 damage)
             ... on level 7 of the Dungeon.
             The game lasted 00:19:26 (6472 turns).

Revguard the Shield-Bearer (Formicid Fighter)       Turns: 6472, Time: 00:19:27

Health: 0/68       AC: 16    Str: 26    XL:     9   Next: 22%
Magic:  18/18      EV:  7    Int:  8    God:    Ashenzari [*.....]
Gold:   205        SH: 11    Dex: 13    Spells: 8/8 levels left

rFire    . . .     SeeInvis +   k - +0 hand axe (flame)
rCold    . . .     Gourm    +   c - +0 shield (curse)
rNeg     . . .     Faith    .   t - +0 plate armour
rPois    .         Spirit   .   (helmet unavailable)
rElec    .         Reflect  .   g - +2 cloak (curse)
rCorr    .         Harm     .   (no gloves)
MR       .....                  (no boots)
Stlth    ..........             b - amulet of the gourmand
HPRegen  0.21/turn              m - ring of magical power
MPRegen  0.16/turn              (no ring)

@: mighty
A: permanent stasis, dig shafts and tunnels, four strong arms, antennae 3
a: Dig, Shaft Self, Curse Item, Scrying, Renounce Religion


You were on level 7 of the Dungeon.
You worshipped Ashenzari.
Ashenzari was aware of your devotion.
You were completely stuffed.

You visited 2 branches of the dungeon, and saw 8 of its levels.

You collected 205 gold pieces.

Inventory:

Hand Weapons
 a - a +0 war axe
 k - a +0 hand axe of flaming (weapon)
Armour
 c - a cursed +0 shield (worn)
 g - a cursed +2 cloak (worn)
 i - a +0 chain mail
 l - a scarf of spirit shield
 t - a +0 plate armour (worn)
Jewellery
 b - an amulet of the gourmand (around neck)
 j - an uncursed ring of fire
 m - a ring of magical power (left hand)
Wands
 r - a wand of disintegration (13)
Scrolls
 e - a scroll of enchant armour {unknown}
 n - a scroll of enchant weapon {unknown}
 o - a scroll of fear
 p - 4 scrolls of remove curse
 q - a scroll of magic mapping
 s - a scroll of identify
Potions
 h - 2 potions of curing
Comestibles
 f - 8 rations
 u - 2 chunks of flesh


   Skills:
 + Level 5.6 Fighting
 + Level 7.2 Axes
 + Level 6.3 Armour
 + Level 1.9 Dodging
 + Level 7.3 Shields


You had 8 spell levels left.
You didn't know any spells.
Your spell library contained the following spells:

 Spells                   Type           Power        Failure   Level  Hunger
 Animate Skeleton         Necr           N/A          100%        1    ##.....
 Apportation              Tloc           #.....       100%        1    ##.....
 Confusing Touch          Hex            #.....       100%        1    ##.....
 Summon Small Mammal      Summ           #...         100%        1    ##.....


Dungeon Overview and Level Annotations

Branches:
Dungeon (7/15)             Temple (1/1) D:4

Altars:
Ashenzari
Dithmenos
Elyvilon
Fedhas
Hepliaklqana
Kikubaaqudgha
Ru
Sif Muna
Trog
Vehumet
Xom
Yredelemnul
Zin
The Shining One

Annotations:
D:3 1 exclusion


Innate Abilities, Weirdness & Mutations

You cannot be hasted, slowed, berserked, paralysed or teleported.
You can dig through walls and to a lower floor.
Your four strong arms can wield two-handed weapons with a shield.
You have a pair of large antennae on your head. (SInv)


Message History

The vampire is almost destroyed.
The vampire completely misses you. You block the vampire's attack.
You miss the vampire.
The vampire is almost destroyed.
The vampire is infused with unholy energy.
* * * LOW HITPOINT WARNING * * *
The vampire draws life force from you and is healed!
You slash the vampire! You burn the vampire.
The vampire is almost destroyed.
The vampire hits you with a +0 mace.
* * * LOW HITPOINT WARNING * * *
You block the vampire's attack.
You closely miss the vampire.
The vampire is almost destroyed.
The vampire is infused with unholy energy.
* * * LOW HITPOINT WARNING * * *
The vampire draws life force from you and is healed!
You feel better.
The vampire is infused with unholy energy.
You die...

#...#...#.#.<[).......
...#...#.#.[###.###..
#.#.#.#....##.## #..
#..(#...#..#.#####.#
{#...#...#...........
#.#.#.#.#... .......
...#(#...#...........
#####(#########.#####.
#@# #. #V# #. { Z#S#{{
#+# #.


ZYK #...##. .9. #...... #...# #+###. .#.#. { #. .#.#. #. #. You could see a yak,
a vampire, a gargoyle, a big kobold, an adder and an adder skeleton.

Vanquished Creatures
  The ghost of Ivernyr the Changer, an amateur VSTm (D:4)
  An orc warrior (D:7)
  2 ogres
  A sky beast (D:7)
  2 phantoms
  2 bullfrogs (D:6)
  A scorpion (D:4)
  4 howler monkeys
  2 crimson imps (D:5)
  A gnoll shaman (D:4)
  3 orc priests
  A bullfrog skeleton (D:6)
  3 orc wizards
  3 worker ants
  A killer bee zombie (D:6)
  A hound zombie (D:6)
  6 gnolls
  10 adders
  2 shadow imps (D:6)
  An ooze (D:1)
  An adder skeleton (D:4)
  An adder zombie (D:5)
  2 worms (D:2)
  3 dart slugs
  3 leopard geckos
  12 orcs
  2 ball pythons (D:3)
  7 bats
  2 giant cockroaches
  4 goblins
  6 hobgoblins
  10 jackals (D:3)
  9 kobolds
  A quokka (D:6)
  4 frilled lizards
  2 leopard gecko zombies (D:5)
  7 rats
124 creatures vanquished.

Notes
Turn   | Place    | Note
-------+----------+-------------------------------------------
     0 | D:1      | Revguard the Formicid Fighter began the quest for the Orb.
     0 | D:1      | Reached XP level 1. HP: 18/18 MP: 1/1
   100 | D:1      | Reached XP level 2. HP: 19/24 MP: 2/2
   328 | D:1      | You fall through a shaft!
   367 | D:2      | Reached XP level 3. HP: 27/29 MP: 3/3
   410 | D:2      | Found a shimmering altar of Xom.
   777 | D:2      | Reached XP level 4. HP: 32/37 MP: 4/4
  1908 | D:3      | Reached XP level 5. HP: 18/42 MP: 5/5
  2176 | D:3      | You fall through a shaft for 3 floors!
  2205 | D:5      | Entered Level 5 of the Dungeon
  2330 | D:5      | Reached skill level 1 in Dodging
  2348 | D:5      | Reached XP level 6. HP: 47/48 MP: 6/6
  2354 | D:5      | Found a basalt altar of Yredelemnul.
  2501 | D:5      | Noticed an ogre
  2511 | D:5      | Killed an ogre
  2511 | D:5      | Reached skill level 5 in Shields
  2784 | D:4      | Noticed a phantom
  2856 | D:4      | Killed a phantom
  2856 | D:4      | Reached XP level 7. HP: 35/55 MP: 7/7
  3001 | D:4      | Found a runed translucent gate.
  3001 | D:4      | Found a runed translucent gate.
  3001 | D:4      | Found a runed translucent gate.
  3002 | D:4      | Noticed Ivernyr's ghost (amateur VSTm)
  3348 | D:4      | Found a radiant altar of Vehumet.
  3352 | D:4      | Found an ancient bone altar of Kikubaaqudgha.
  3353 | D:4      | Found a deep blue altar of Sif Muna.
  3376 | D:4      | Identified Kikubaaqudgha's Papyrus of Unholy Rites
  3406 | D:4      | Found a staircase to the Ecumenical Temple.
  3425 | Temple   | Entered the Ecumenical Temple
  3437 | Temple   | Became a worshipper of Ashenzari the Shackled
  4078 | D:4      | Reached skill level 5 in Armour
  4110 | D:4      | Killed Ivernyr's ghost
  4110 | D:4      | Reached skill level 5 in Axes
  4110 | D:4      | Reached XP level 8. HP: 13/61 MP: 8/8
  5097 | D:6      | Reached skill level 5 in Fighting
  5203 | D:6      | Reached * piety under Ashenzari
  6110 | D:7      | Reached XP level 9. HP: 67/68 MP: 9/9
  6449 | D:7      | Noticed a gargoyle
  6471 | D:7      | HP: 3/68 [vampire/vampiric draining (10)]
  6472 | D:7      | Killed from afar by a vampire

Skill      XL: |  1  2  3  4  5  6  7  8  9 |
---------------+----------------------------+-----
Shields        | 4 5 6 7 |  7.3
Fighting       | 4 5 |  5.6
Axes           | 3 4 5 6 7 |  7.2
Armour         | 4 5 6 |  6.3
Dodging        | 1 |  1.9

Action                   |  1- 3 |  4- 6 |  7- 9 || total
-------------------------+-------+-------+-------++-------
Melee: War axe           |    75 |   201 |   310 ||   586
       Hand axe          |       |       |    58 ||    58
Invok: Curse Item        |       |       |     2 ||     2
  Use: Potion            |     1 |     2 |    11 ||    14
       Scroll            |       |     5 |     2 ||     7
  Eat: Chunk             |       |     8 |    22 ||    30
Armor: Scale mail        |    27 |       |       ||    27
       Chain mail        |    19 |    91 |   165 ||   275
       Plate armour      |       |       |    19 ||    19
Dodge: Dodged            |    37 |    55 |   106 ||   198
Block: Shield            |    55 |   123 |   193 ||   371
